 Dungeon Sprint DCSS version 0.29.1-1-gd02db6906a (webtiles) character file.

Game seed: 9480766876453211446

3600000 RogueRain17 the Axe Maniac (level 20, -71/197 HPs)
             Began as a Demonspawn Gladiator on Sept 20, 2022.
             Was the Champion of Makhleb.
             Annihilated by The Servant
             ... wielding a +9 glaive of flaming
              (147 damage)
             ... in the Dungeon (Sprint VIII: "Arena of Blood").
             The game lasted 00:03:24 (36 turns).

RogueRain17 the Axe Maniac (Demonspawn Gladiator)     Turns: 36, Time: 00:03:24

Health: -71/197    AC:  8    Str: 15    XL:     20   Next: 44%
Magic:  18/47      EV: 34    Int: 12    God:    Makhleb [******]
Gold:   0          SH:  0    Dex: 21    Spells: 66/66 levels left

rFire   . . .      SeeInvis .   l - +∞ Axe of Woe
rCold   . . .      Faith    .   (shield currently unavailable)
rNeg    . . .      Spirit   .   b - +0 leather armour
rPois   .          Reflect  .   c - +0 helmet
rElec   .          Harm     .   (cloak unavailable)
rCorr   .          Rampage  .   (no gloves)
Will    +....      NoTele   +   (no boots)
Stlth   ++++++++++              (no amulet)
HPRegen 0.42/turn               (no ring)
MPRegen 0.30/turn               (no ring)

@: no status effects
A: foul stench 2, augmentation 2, sturdy frame 3, demonic magic 2, weakness
stinger 3
a: Renounce Religion, Minor Destruction, Lesser Servant of Makhleb, Major
Destruction, Greater Servant of Makhleb


You were in the Dungeon.
You worshipped Makhleb.
Makhleb was exalted by your worship.
You visited 1 branch

Inventory:

Hand Weapons
 a - a +0 war axe
 l - the +∞ Axe of Woe (weapon)
   (You found it in the Dungeon)
Missiles
 d - 3 throwing nets (quivered)
 e - a javelin
Armour
 b - a +0 leather armour (worn)
 c - a +0 helmet (worn)
Scrolls
 k - a scroll of blinking
Potions
 f - a potion of curing
 g - a potion of heal wounds
 h - a potion of haste
 i - 2 potions of magic
 j - a potion of berserk rage


   Skills:
 O Level 27 Fighting
 O Level 27 Axes
 + Level 22.1 Throwing
 * Level 24.3 Armour
 O Level 27 Dodging
 * Level 26.1 Stealth
 * Level 24.1 Unarmed Combat
 * Level 23.8 Spellcasting
 O Level 27 Invocations


You had 66 spell levels left.
You didn't know any spells.
Your spell library was empty.

Dungeon Overview and Level Annotations

Branches:
Dungeon (1/1)

Altars:
Makhleb

Annotations:
D The Servant


Innate Abilities, Weirdness & Mutations

You sometimes emit foul miasma when damaged in melee.
Your magical and physical power is enhanced at high health.
Your movements are significantly less encumbered by armour. (ER -6)
Spells you cast may paralyse nearby enemies.
You have a sharp stinger which inflicts weakening toxins.


Message History

You hit the sculptor of flesh but do no damage.
You dissect the sculptor of flesh like a pig carcass.
You destroy the sculptor of flesh!
Makhleb accepts your kill.
You feel better.
The sculptor of flesh appears out of thin air!
A sculptor of flesh comes into view. It is wielding a +9 great sword.
You are engulfed in blazing flames.
You hear a shout! x8
A meat berserker comes into view. It is wielding a +9 battleaxe.
Your Stealth skill increases to level 26!
Your Unarmed Combat skill increases to level 24!
Unknown command.
You are engulfed in blazing flames.
The bag of meat is engulfed in blazing flames.
You hear a shout! x3
The Servant hits you from afar with a +9 glaive of flaming!!!
* * * LOW HITPOINT WARNING * * *
The Servant burns you!!
* * * LOW HITPOINT WARNING * * *
You hear a shout! x3
A meat berserker comes into view. It is wielding a +9 battleaxe.
You hear a shout! x2
Things that are here:
a +9 giant spiked club; a +100 ring of slaying You cut the bag of meat into ribbons!!!
You butcher the bag of meat messily.
You kill the bag of meat!
Makhleb accepts your kill.
You feel better.
You slash the meat berserker!
You cleave the meat berserker in twain.
You kill the meat berserker!
Makhleb accepts your kill.
You feel better.
You are engulfed in blazing flames.
The destroyer is engulfed in blazing flames.
The destroyer gestures at you while chanting.
The destroyer blinks!
You hear a shout! x2
The Servant hits you from afar with a +9 glaive of flaming!!!!!
Ouch! That really hurt!
You die...

#... #... ...# .
......###... ...###..
.O.........###......
...#...z...._.....
.#.......#..)).#
.........#_.<._#
#....§.@#....)#...
...#..§)§§§)V.......
......§@§°§###......
......###§§)°...###..
..... #..○§...# .
.... #.......# ...
.Oo....... #.
........... .
...........
...........#


You could see The Servant, a destroyer, a sculptor of flesh and a meat berserker
(berserk).

Vanquished Creatures
  A vampire knight (D)
  14 ogres (D)
  4 two-headed ogres (D)
  18 orcs (D)
  A skeletal warrior (D)
38 creatures vanquished.

Notes
Turn   | Place    | Note
-------+----------+-------------------------------------------
     0 | D        | Found the +∞ Axe of Woe
     0 | D        | RogueRain17 the Demonspawn Gladiator began the quest for
                  | the Orb.
     0 | D        | Reached XP level 1. HP: 16/16 MP: 1/1
     0 | D        | Noticed a bag of meat
     3 | D        | Noticed a bag of meat
     4 | D        | Became a worshipper of Makhleb the Destroyer
     5 | D        | Noticed a bag of meat
     5 | D        | Noticed a bag of meat
     6 | D        | Noticed a bag of meat
     6 | D        | Noticed a meat berserker
     7 | D        | Killed a bag of meat
     8 | D        | Reached skill level 15 in Axes
     8 | D        | Reached skill level 15 in Dodging
     8 | D        | Gained mutation: You have a small tail. [demonic ancestry]
     8 | D        | Reached XP level 2. HP: 33/33 MP: 2/2
     8 | D        | Gained mutation: Your movements are slightly less
                  | encumbered by armour. (ER -2) [demonic ancestry]
     8 | D        | Reached XP level 3. HP: 38/38 MP: 3/3
     8 | D        | Reached XP level 4. HP: 45/45 MP: 4/4
     8 | D        | Gained mutation: Spells you cast may paralyse adjacent
                  | enemies. [demonic ancestry]
     8 | D        | Reached XP level 5. HP: 51/51 MP: 5/5
     8 | D        | Reached XP level 6. HP: 57/57 MP: 6/6
     8 | D        | Gained mutation: Your movements are less encumbered by
                  | armour. (ER -4) [demonic ancestry]
     8 | D        | Reached XP level 7. HP: 63/63 MP: 7/7
     8 | D        | Reached XP level 8. HP: 69/69 MP: 8/8
     8 | D        | Gained mutation: You have a tail ending in a sharp stinger.
                  | [demonic ancestry]
     8 | D        | Reached XP level 9. HP: 75/75 MP: 9/9
     8 | D        | Reached XP level 10. HP: 82/82 MP: 10/10
     8 | D        | Noticed a bag of meat
     9 | D        | Killed a bag of meat
     9 | D        | Reached * piety under Makhleb
     9 | D        | Noticed a bag of meat
    10 | D        | Reached skill level 10 in Fighting
    10 | D        | Gained mutation: You may rarely emit foul miasma when
                  | damaged in melee. [demonic ancestry]
    10 | D        | Reached XP level 11. HP: 90/90 MP: 11/11
    10 | D        | Killed a meat berserker
    10 | D        | Killed a bag of meat
    11 | D        | Gained mutation: Your movements are significantly less
                  | encumbered by armour. (ER -6) [demonic ancestry]
    11 | D        | Reached XP level 12. HP: 103/103 MP: 12/12
    11 | D        | Gained mutation: Spells you cast may paralyse nearby
                  | enemies. [demonic ancestry]
    11 | D        | Reached XP level 13. HP: 109/109 MP: 13/13
    11 | D        | Killed a bag of meat
    11 | D        | Reached ** piety under Makhleb
    11 | D        | Noticed a bag of meat
    11 | D        | Noticed a bag of meat
    12 | D        | Noticed a meat berserker
    12 | D        | Noticed a bag of meat
    13 | D        | Noticed a bag of meat
    13 | D        | Noticed a bag of meat
    13 | D        | Noticed a bag of meat
    14 | D        | Noticed a meat berserker
    14 | D        | Noticed a meat berserker
    14 | D        | Noticed a bag of meat
    14 | D        | Noticed a bag of meat
    15 | D        | Killed a meat berserker
    16 | D        | Reached XP level 14. HP: 99/121 MP: 14/14
    16 | D        | Killed a bag of meat
    16 | D        | Noticed a meat berserker
    16 | D        | Noticed a bag of meat
    16 | D        | Noticed a bag of meat
    17 | D        | Reached skill level 15 in Fighting
    17 | D        | Noticed a meat berserker
    18 | D        | Noticed a large bag of meat
    18 | D        | Noticed a destroyer
    18 | D        | Noticed a meat berserker
    18 | D        | Noticed a meat berserker
    19 | D        | Killed a bag of meat
    19 | D        | Reached *** piety under Makhleb
    19 | D        | Killed a bag of meat
    19 | D        | Killed a bag of meat
    19 | D        | Noticed a bag of meat
    19 | D        | Noticed a meat berserker
    19 | D        | Noticed a large bag of meat
    20 | D        | Gained mutation: You have a sharp stinger which inflicts
                  | weakening toxins. [demonic ancestry]
    20 | D        | Reached XP level 15. HP: 133/133 MP: 15/15
    20 | D        | Killed a meat berserker
    20 | D        | Reached **** piety under Makhleb
    20 | D        | Killed a meat berserker
    21 | D        | Reached skill level 27 in Axes
    21 | D        | Reached skill level 27 in Dodging
    21 | D        | Reached XP level 16. HP: 148/148 MP: 16/16
    22 | D        | Reached skill level 5 in Invocations
    22 | D        | Killed a meat berserker
    23 | D        | Reached ***** piety under Makhleb
    23 | D        | Noticed a meat berserker
    24 | D        | Killed a meat berserker
    25 | D        | Gained mutation: You sometimes emit foul miasma when
                  | damaged in melee. [demonic ancestry]
    25 | D        | Reached XP level 17. HP: 161/161 MP: 16/32
    25 | D        | Killed a meat berserker
    25 | D        | Killed a large bag of meat
    25 | D        | Noticed a meat berserker
    25 | D        | Noticed a meat berserker
    26 | D        | Reached skill level 15 in Stealth
    26 | D        | Noticed a large bag of meat
    26 | D        | Killed a meat berserker
    26 | D        | Reached ****** piety under Makhleb
    26 | D        | Noticed a large bag of meat
    26 | D        | Noticed a destroyer
    27 | D        | Reached skill level 15 in Armour
    27 | D        | Reached skill level 15 in Unarmed Combat
    27 | D        | Reached skill level 15 in Spellcasting
    27 | D        | Reached XP level 18. HP: 163/174 MP: 16/37
    27 | D        | Killed a meat berserker
    27 | D        | Noticed a meat berserker
    28 | D        | Noticed The Servant
    29 | D        | Noticed a large bag of meat
    29 | D        | Noticed a meat berserker
    30 | D        | Noticed a large bag of meat
    31 | D        | Killed a meat berserker
    31 | D        | Killed a destroyer
    31 | D        | Killed a large bag of meat
    32 | D        | Reached skill level 27 in Fighting
    32 | D        | Gained mutation: Your magical and physical power is
                  | slightly enhanced at high health. [demonic ancestry]
    32 | D        | Reached XP level 19. HP: 161/189 MP: 17/42
    32 | D        | Killed a meat berserker
    32 | D        | Killed a large bag of meat
    32 | D        | Killed a meat berserker
    33 | D        | Reached skill level 27 in Invocations
    33 | D        | Gained mutation: Your magical and physical power is
                  | enhanced at high health. [demonic ancestry]
    33 | D        | Reached XP level 20. HP: 142/197 MP: 18/46
    33 | D        | Killed a large bag of meat
    33 | D        | Killed a meat berserker
    34 | D        | Noticed a meat berserker
    35 | D        | Noticed a meat berserker
    36 | D        | Killed a meat berserker
    36 | D        | Annihilated by The Servant

Illustrated notes

Levels and vault maps discovered:
D:        meatsprint

Skill      XL: |  1  2  3  4  5  6  7  8  9 10 11 12 13 14 15 16 17 18 19 20 |
---------------+-------------------------------------------------------------+-----
Fighting       | 8 10 12 14 16 20 22 24 27 | 27.0
Axes           | 15 17 21 23 26 27 | 27.0
Throwing       | 8 9 11 12 14 16 18 19 20 21 22 | 22.1
Dodging        | 15 17 20 22 24 27 | 27.0
Armour         | 12 15 20 22 24 | 24.3
Stealth        | 13 16 21 24 26 | 26.1
Unarmed Combat | 11 15 19 22 24 | 24.1
Spellcasting   | 11 15 19 22 23 | 23.8
Invocations    | 16 21 26 27 | 27.0

Action                   |  1- 3 |  4- 6 |  7- 9 | 10-12 | 13-15 | 16-18 | 19-21 || total
-------------------------+-------+-------+-------+-------+-------+-------+-------++-------
Melee: Executioner's axe |     1 |       |       |     2 |     5 |     9 |     4 ||    21
Dodge: Dodged            |       |       |       |       |     1 |       |       ||     1
